 Dungeon Crawl Stone Soup version 0.29-a0-187-ga23d9638d5 (webtiles) character file.

Game seed: 11036831195891563683

1120 Zeldest the Caller (level 8, -7/62 HPs)
             Began as a Mummy Summoner on Feb 21, 2022.
             Killed from afar by Maggie (24 damage)
             ... with a bolt of fire
             ... on level 6 of the Dungeon.
             The game lasted 00:13:03 (6184 turns).

Zeldest the Caller (Mummy Summoner)                 Turns: 6184, Time: 00:13:04

Health: -7/62      AC:  4    Str: 11    XL:     8   Next: 12%
Magic:  20/21      EV: 12    Int: 17    God:
Gold:   211        SH:  0    Dex: 12    Spells: 6/12 levels left

rFire   x . .      SeeInvis .   i - +0 quarterstaff
rCold   + + .      Faith    .   (shield currently unavailable)
rNeg    + + +      Spirit   .   a - +0 robe
rPois   ∞          Reflect  .   (no helmet)
rElec   .          Harm     .   (no cloak)
rCorr   .          Rampage  .   o - +0 pair of gloves
Will    +....                   c - +0 pair of boots
Stlth   ++........              (no amulet)
HPRegen 0.20/turn               h - ring of magical power
MPRegen 0.17/turn               u - ring of protection from cold

@: no status effects
A: cold resistance 1, negative energy resistance 3, torment resistance 2, heat
vulnerability 1, no potions
a: no special abilities


You were on level 6 of the Dungeon.
You visited 1 branch of the dungeon, and saw 6 of its levels.

You collected 211 gold pieces.

Inventory:

Hand Weapons
 d - a +0 dagger
 i - a +0 quarterstaff (weapon)
Armour
 a - a +0 robe (worn)
 c - a +0 pair of boots (worn)
 o - a +0 pair of gloves (worn)
Jewellery
 h - a ring of magical power (left hand)
 k - an amulet of faith
 n - a ring of ice
 t - the amulet of Julazaid {RegenMP rC+++ Str-4 Dex-3 Slay+4}
   (You found it on level 5 of the Dungeon)

   [amulet of magic regeneration]

   It increases your rate of magic regeneration.
   Str:       It affects your strength (-4).
   Dex:       It affects your dexterity (-3).
   Slay:      It affects your accuracy & damage with ranged weapons and melee
   (+4).
   rC:        It renders you almost immune to cold.
 u - a ring of protection from cold (right hand)
Wands
 m - a wand of digging (3)
 p - a wand of iceblast (7)
Scrolls
 e - 3 scrolls of immolation
 f - a scroll of acquirement {unknown}
 g - 3 scrolls of enchant weapon
 j - 2 scrolls of noise
 l - a scroll of brand weapon {unknown}
 q - a scroll of fog
 r - a scroll of vulnerability {unknown}
 s - 2 scrolls of teleportation
 v - a scroll of enchant armour


   Skills:
 + Level 5.2 Fighting
 + Level 3.8 Polearms
 - Level 1.5 Dodging
 - Level 1.5 Stealth
 - Level 2.6 Spellcasting
 + Level 6.1 Summonings


You had 6 spell levels left.
You knew the following spells:

 Your Spells              Type           Power      Damage    Failure   Level
a - Call Imp              Summ           23%        N/A       2%          2
b - Summon Small Mammal   Summ           92%        N/A       1%          1
c - Call Canine Familiar  Summ           23%        N/A       4%          3

Your spell library contained the following spells:

 Spells                   Type           Power      Damage    Failure   Level
 Summon Guardian Golem    Hex/Summ       12%        N/A       16%         3
 Pain                     Necr           8%         1d4       19%         1
 Summon Lightning Spire   Summ/Air       12%        N/A       45%         4
 Vampiric Draining        Necr           2%         2d6       47%         3
 Malign Gateway           Summ/Tloc      6%         N/A       100%        7
 Summon Horrible Things   Summ           11%        N/A       100%        8
 Necromutation            Tmut/Necr      Unusable   N/A       N/A         8

Dungeon Overview and Level Annotations

Branches:
Dungeon (6/15)
 Temple: D:4-7

Altars:
Yredelemnul

Shops:
D:5 *

Annotations:
D:5 2 transporters, SirDiesAlot's ghost, novice DEIE
D:6 Maggie


Innate Abilities, Weirdness & Mutations

You are immune to poison.
Your flesh is cold resistant. (rC+)
You are immune to negative energy. (rN+++)
You are immune to unholy pain and torment.
You are vulnerable to heat. (rF-)
You do not drink.


Message History

Maggie points at you and mumbles some strange words.
The bolt of fire hits you!! The fire burns you terribly!
Ouch! That really hurt!
The bolt of fire hits your hound!!
Your hound dies!
Your hound's corpse disappears in a puff of smoke!
Your white imp hits Maggie but does no damage.
Maggie hits your white imp with a +1 long sword of draining!
Your white imp gestures at Maggie.
The puff of frost hits Maggie.
You can't drink.
Unknown command.
As you read the scroll of fear, it crumbles to dust.
You assume a fearsome visage.
Maggie looks frightened!
Maggie cowers, then darts away.
Maggie gives up.
Your white imp gestures at Maggie.
The puff of frost hits Maggie.
Your white imp's attack snaps Maggie out of her fear.
You see here a blue potion.
A bolt of fire appears from out of your range of vision.
The bolt of fire hits your white imp!!
Your white imp is burned terribly!
Your white imp dies!
Your white imp disappears in a puff of smoke!
Aiming: Iceblast
Press: ? - help, Shift-Dir - straight line The mass of ice explodes!
The iceblast engulfs Maggie!
Maggie is severely wounded.
Maggie shouts!
Maggie casts a spell at you. The bolt of fire hits you!
The fire burns you terribly!
* * * LOW HITPOINT WARNING * * *
Aiming: Iceblast
Press: ? - help, Shift-Dir - straight line The mass of ice explodes!
The iceblast engulfs Maggie!
Maggie is almost dead.
Maggie points at you and mumbles some strange words.
The bolt of fire hits you!! The fire burns you terribly!
You die...

##.#(#####
##.##.#
#.###.....#
#........#
####...###
#...# #..(# ##
#####...####.#
.......@....#
...........##
............#
###.#.[!.###.#
#.#....# # #
#....###.###
#....@.....#
#....$##@#.#
#.$.....#


You could see Maggie.

Vanquished Creatures
  An ogre (D:5)
  A kobold brigand (D:5)
  A water moccasin zombie (D:5)
  A wyvern zombie (D:6)
  A hound (D:4)
  A centaur skeleton (D:5)
  An iguana (D:5)
  Natasha (D:3)
  A gnoll (D:2)
  A dart slug (D:4)
  5 orcs
  2 bats
  4 endoplasms
  A giant cockroach (D:1)
  A goblin (D:3)
  2 hobgoblins (D:4)
  7 kobolds
  8 ball pythons
  A jackal skeleton (D:4)
  7 rats
48 creatures vanquished.

Vanquished Creatures (collateral kills)
  2 necrophages (D:5)
  2 ogres (D:5)
  A phantom (D:5)
  An orc priest (D:3)
  Natasha (twice) (D:3)
  3 orc wizards
  A hound skeleton (D:5)
  2 gnolls (D:2)
  4 adders
  An adder skeleton (D:4)
  2 dart slugs
  6 orcs
  4 endoplasms
  5 goblins
  3 hobgoblins
  6 kobolds
  A quokka (D:1)
  A ball python (D:2)
  A frilled lizard (D:1)
  A rat (D:1)
49 creatures vanquished.

Vanquished Creatures (others)
  A plant (D:2)
1 creature vanquished.

Grand Total: 98 creatures vanquished

Notes
Turn   | Place    | Note
-------+----------+-------------------------------------------
     0 | D:1      | Zeldest the Mummy Summoner began the quest for the Orb.
     0 | D:1      | Reached XP level 1. HP: 13/13 MP: 4/4
   462 | D:1      | Reached skill level 1 in Fighting
   529 | D:1      | Reached XP level 2. HP: 17/21 MP: 3/5
   532 | D:1      | Learned a level 2 spell: Call Imp
  1340 | D:2      | Found a faded altar of an unknown god.
  1352 | D:2      | Reached XP level 3. HP: 19/27 MP: 2/7
  1949 | D:2      | Reached skill level 4 in Summonings
  1952 | D:2      | Reached XP level 4. HP: 27/33 MP: 4/8
  1962 | D:2      | Found a basalt altar of Yredelemnul.
  2425 | D:3      | Noticed Natasha
  2434 | D:3      | Killed Natasha
  2435 | D:3      | Reached skill level 1 in Polearms
  2491 | D:3      | Noticed Natasha
  2659 | D:3      | Killed Natasha
  2702 | D:3      | Noticed Natasha
  2889 | D:2      | Learned a level 3 spell: Call Canine Familiar
  2899 | D:3      | Killed Natasha
  2900 | D:3      | Reached XP level 5. HP: 35/39 MP: 1/9
  3772 | D:3      | Reached skill level 5 in Summonings
  3772 | D:3      | Reached XP level 6. HP: 43/47 MP: 5/10
  4423 | D:5      | Entered Level 5 of the Dungeon
  4579 | D:5      | Identified the amulet of Julazaid {RegenMP rC+++ Str-4
                  | Dex-3 Slay+4}
  4683 | D:5      | Reached XP level 7. HP: 33/53 MP: 7/11
  5081 | D:5      | Found Dydu's General Store.
  5092 | D:5      | Found a transporter.
  5093 | D:5      | Noticed SirDiesAlot's ghost (novice DEIE)
  5405 | D:5      | Reached skill level 6 in Summonings
  5500 | D:5      | Found a transporter.
  5514 | D:5      | Got Gloorx Vloq's Almanac of Dark Secrets
  5815 | D:6      | Reached skill level 5 in Fighting
  5815 | D:6      | Reached XP level 8. HP: 48/62 MP: 12/12
  6169 | D:6      | Noticed Maggie
  6184 | D:6      | Killed from afar by Maggie

Illustrated notes

Levels and vault maps discovered:
D:1:      evilmike_arrival_rings, layout_basic, minmay_misc_feat_nine_boxes,
          serial_park_tiny_2, minmay_nonomino_d4
D:2:      layout_basic, basic_altar, shapermc_ecumenical_altar_acropolis
D:3:      layout_rooms, uniq_natasha
D:4:      layout_cave_pools
D:5:      layout_loops_ring, gammafunk_ghost_stat_death, serial_shops,
          nicolae_shop_hallway_stairs, kennysheep_generic_room_15
D:6:      layout_loops_cross, minmay_temple_entry_oklob, uniq_maggie

Skill      XL: |  1  2  3  4  5  6  7 |
---------------+----------------------+-----
Fighting       | 1 2 3 5 |  5.2
Summonings     | 4 5 6 |  6.1
Polearms       | 1 2 3 |  3.8
Dodging        | |  1.5
Stealth        | |  1.5
Spellcasting   | |  2.6

Action                   |  1- 3 |  4- 6 |  7- 9 || total
-------------------------+-------+-------+-------++-------
Melee: Unarmed           |    10 |       |       ||    10
       Dagger            |    45 |       |       ||    45
       Punch             |     1 |       |       ||     1
       Quarterstaff      |    19 |   114 |    63 ||   196
 Cast: Summon Small Mamm |    24 |     5 |       ||    29
       Call Imp          |    11 |    21 |     9 ||    41
       Call Canine Famil |       |    11 |     9 ||    20
Evoke: Wand              |       |       |     2 ||     2
  Use: Scroll            |       |     2 |     6 ||     8
 Stab: Sleeping          |       |     2 |     1 ||     3
       Distracted        |       |       |     1 ||     1
Armor: Robe              |    16 |    24 |    13 ||    53
Dodge: Dodged            |    56 |    71 |    39 ||   166

Table legend: (Time is in decaauts)
 A = Elapsed time spent in this place.
 B = Non-inter-level travel time spent in this place.
 C = Inter-level travel time spent in this place.
 D = Time resting spent in this place.
 E = Time spent auto-exploring this place.
 F = Levels seen in this place.
 G = Mean time per level.
                   A        B        C        D        E       F      G
               +--------+--------+--------+--------+--------+-----+--------+
         Total |   6244 |   6080 |    164 |   2554 |   2287 |   6 | 1040.7 |
       Dungeon |   6244 |   6080 |    164 |   2554 |   2287 |   6 | 1040.7 |
               +--------+--------+--------+--------+--------+-----+--------+

Top non-repeatable levels by time:
     D:5: 1554 daAuts
     D:1: 1336 daAuts
     D:3: 1273 daAuts
     D:2: 1080 daAuts
     D:4: 778 daAuts
     D:6: 221 daAuts
